 Dungeon Crawl Stone Soup version 0.28.0-1-gb440e238dd (webtiles) character file.

Game seed: 2307465627246937368

287 croobank the Firebug (level 6, -13/66 HPs)
             Began as a Gnoll Fire Elementalist on Feb 23, 2022.
             Mangled by a goblin (20 damage)
             ... led by Robin
             ... on level 4 of the Dungeon.
             The game lasted 00:12:19 (3471 turns).

croobank the Firebug (Gnoll Fire Elementalist)      Turns: 3471, Time: 00:12:19

Health: -13/66     AC: 23    Str:  7 (8)  XL:     6   Next: 30%
Magic:  14/14      EV:  2    Int: 14 (16) God:
Gold:   41         SH:  0    Dex: 10 (12) Spells: 12/15 levels left

rFire   . . .      SeeInvis +   a - +7 trident (flame)
rCold   . . .      Faith    .   (no shield)
rNeg    . . .      Spirit   .   (armour currently unavailable)
rPois   +          Reflect  .   (helmet currently unavailable)
rElec   .          Harm     .   (cloak currently unavailable)
rCorr   .          Rampage  .   (gloves currently unavailable)
Will    .....      NoTele   +   (boots currently unavailable)
Stlth   ++........              (no amulet)
HPRegen 0.21/turn               j - ring of see invisible
MPRegen 0.14/turn               l - ring of wizardry

@: tree-form, hasted, very quick
A: stationary, stasis, torment immunity, boosted hp, (fangs 1), strong nose,
distributed training
a: no special abilities


You were on level 4 of the Dungeon.
You were a tree.
You visited 1 branch of the dungeon, and saw 4 of its levels.

You collected 129 gold pieces.
You spent 88 gold pieces at shops.

Inventory:

Hand Weapons
 a - a +7 trident of flaming (weapon)
 b - a +0 hunting sling
 f - a +1 vorpal flail
 v - a +3 flail
Missiles
 c - 29 arrows
 d - 17 sling bullets
 n - 70 stones
 y - a throwing net
 z - 5 boomerangs
Armour
 p - a +0 robe
 q - a +0 scale mail (melded)
 w - a +0 ring mail
Jewellery
 j - a ring of see invisible (left branch)
 l - a ring of wizardry (right branch)
 o - a ring of protection from fire
Wands
 k - a wand of flame (27)
 t - a wand of iceblast (5)
Scrolls
 e - 8 scrolls of identify
 g - a scroll of immolation {unknown}
 h - a scroll of noise {unknown}
 r - a scroll of magic mapping {unknown}
 s - 3 scrolls of fear {unknown}
 u - a scroll of enchant weapon {unknown}
Potions
 i - a potion of degeneration


   Skills:
 + Level 1.9 Fighting
 + Level 1.9 Short Blades
 + Level 1.9 Long Blades
 + Level 1.9 Axes
 + Level 1.9 Maces & Flails
 + Level 1.9 Polearms
 + Level 1.9 Staves
 + Level 1.9 Slings
 + Level 1.9 Bows
 + Level 1.9 Crossbows
 + Level 1.9 Throwing
 + Level 1.9 Armour
 + Level 4.9 Dodging
 + Level 4.5 Stealth
 + Level 1.9 Shields
 + Level 1.9 Unarmed Combat
 + Level 5.3 Spellcasting
 + Level 2.6 Conjurations
 + Level 1.5 Hexes
 + Level 1.5 Summonings
 + Level 1.5 Necromancy
 + Level 1.5 Translocations
 + Level 1.5 Transmutations
 + Level 5.6 Fire Magic
 + Level 1.5 Ice Magic
 + Level 1.5 Air Magic
 + Level 1.5 Earth Magic
 + Level 1.5 Poison Magic
 + Level 2.1 Invocations
 + Level 1.9 Evocations


You had 12 spell levels left.
You knew the following spells:

 Your Spells              Type           Power      Damage    Failure   Level
a - Foxfire               Conj/Fire      60%        2x1d7     1%          1
b - Scorch                Fire           38%        2d7       1%          2

Your spell library contained the following spells:

 Spells                   Type           Power      Damage    Failure   Level
 Freeze                   Ice            28%        1d5       3%          1
 Conjure Flame            Conj/Fire      15%        6-21      4%          3
 Inner Flame              Hex/Fire       13%        N/A       4%          3
 Frozen Ramparts          Ice            14%        1d3       11%         3
 Flame Wave               Conj/Fire      15%        2d6       12%         4
 Hailstorm                Conj/Ice       9%         3d4       28%         4


Dungeon Overview and Level Annotations

Branches:
Dungeon (4/15)
 Temple: D:4-7

Altars:

Shops:
D:3 ?

Annotations:
D:4 Robin


Innate Abilities, Weirdness & Mutations

You are a tree.
Your roots penetrate the ground, keeping you stationary.
You cannot be teleported.
You are immune to unholy pain and torment.
Your maximum health is greatly increased.
Your equipment is partially melded.
((You have very sharp teeth.))
Your uncanny sense of smell can sniff out nearby items.
Your experience applies equally to all skills.


Message History

There is an open door, spattered with blood here.
Items here: ))) [ †.
You hit Robin. You burn Robin. You bite Robin.
Robin is moderately wounded.
Robin roars a battlecry!
The goblins go into a battle-frenzy!
The goblin barely misses you. The goblin hits you with a +0 dagger.
The goblin hits you with a +0 dagger of electrocution.
You are electrocuted!
The goblin hits you with a +0 dagger.
* * * LOW HITPOINT WARNING * * *
Robin throws the goblin at you!
You hit Robin. You burn Robin. You bite Robin, but do no damage.
Robin is severely wounded.
The goblin hits you with a +0 dagger.
* * * LOW HITPOINT WARNING * * *
The goblin closely misses you.
Robin drinks a potion.
Robin is healed!
The goblin hits you but does no damage. The goblin hits you with a +0 dagger.
* * * LOW HITPOINT WARNING * * *
The goblin hits you with a +0 dagger of electrocution.
* * * LOW HITPOINT WARNING * * *
It was a potion of degeneration.
There was something very wrong with that liquid.
You feel weakened.
You feel dopey.
You feel clumsy. The goblin hits you but does no damage.
Robin hits you with a +0 club.
* * * LOW HITPOINT WARNING * * *
The goblin hits you with a +0 dagger.
* * * LOW HITPOINT WARNING * * *
The goblin hits you but does no damage.
It was a potion of lignification.
You turn into a tree.
Your +0 scale mail melds into your body.
Your roots penetrate the ground.
Robin hits you but does no damage.
The goblin hits you but does no damage. x3
It was a potion of haste.
You feel yourself speed up. Robin hits you but does no damage.
The goblin hits you but does no damage. x3
You puncture Robin! You burn Robin.
Robin is severely wounded.
Robin hits you but does no damage. The goblin hits you with a +0 dagger.
* * * LOW HITPOINT WARNING * * *
The goblin hits you but does no damage.
You are electrocuted!!
You die...

## .. #. .. #. <..
#. .... ∆
#.##+##....
#####g#.......# ..
+.....♣g......+ ...
#....g#g......#
....#.....#.......#
....#######..<....#
..................#
.......<..........#
#+##..............#
#.......########
#.......'.....#


You could see Robin and 3 goblins.

Vanquished Creatures
  A black bear (D:3)
  Ijyb (D:3)
  Terence (D:2)
  4 gnolls
  3 adders
  3 worms
  2 dart slugs
  4 orcs
  6 ball pythons
  4 endoplasms
  3 giant cockroaches
  7 goblins
  11 hobgoblins
  2 quokkas (D:1)
  4 bats
  5 frilled lizards
  4 kobolds
  4 rats
69 creatures vanquished.

Vanquished Creatures (others)
  85 foxfires
85 creatures vanquished.

Grand Total: 154 creatures vanquished

Notes
Turn   | Place    | Note
-------+----------+-------------------------------------------
     0 | D:1      | croobank the Gnoll Fire Elementalist began the quest for
                  | the Orb.
     0 | D:1      | Reached XP level 1. HP: 13/13 MP: 6/6
     2 | D:1      | Noticed a draconian
     2 | D:1      | Noticed an elf
     4 | D:1      | Noticed a felid
     4 | D:1      | Noticed a human
     6 | D:1      | Noticed a gargoyle
     8 | D:1      | Noticed a dwarf
     8 | D:1      | Noticed a formicid
    10 | D:1      | Noticed a merfolk
    12 | D:1      | Noticed a vine stalker
    12 | D:1      | Noticed a demigod
    14 | D:1      | Noticed a vampire
    14 | D:1      | Noticed a spriggan
    16 | D:1      | Noticed a minotaur
    16 | D:1      | Noticed a ghoul
    18 | D:1      | Noticed an ogre
    18 | D:1      | Noticed a naga
    20 | D:1      | Noticed a demonspawn
    22 | D:1      | Noticed a tengu
    24 | D:1      | Noticed a troll
    24 | D:1      | Noticed an octopode
   110 | D:1      | Reached XP level 2. HP: 19/19 MP: 5/7
   113 | D:1      | Learned a level 2 spell: Scorch
   315 | D:1      | Reached XP level 3. HP: 25/25 MP: 0/9
   330 | D:1      | Reached skill level 5 in Spellcasting
   959 | D:2      | Reached skill level 1 in Invocations
  1121 | D:2      | Reached skill level 1 in Fighting
  1121 | D:2      | Reached skill level 1 in Short Blades
  1121 | D:2      | Reached skill level 1 in Long Blades
  1121 | D:2      | Reached skill level 1 in Axes
  1121 | D:2      | Reached skill level 1 in Maces & Flails
  1121 | D:2      | Reached skill level 1 in Polearms
  1121 | D:2      | Reached skill level 1 in Staves
  1121 | D:2      | Reached skill level 1 in Slings
  1121 | D:2      | Reached skill level 1 in Bows
  1121 | D:2      | Reached skill level 1 in Crossbows
  1121 | D:2      | Reached skill level 1 in Throwing
  1121 | D:2      | Reached skill level 1 in Armour
  1121 | D:2      | Reached skill level 1 in Shields
  1121 | D:2      | Reached skill level 1 in Unarmed Combat
  1121 | D:2      | Reached skill level 1 in Evocations
  1308 | D:2      | Reached XP level 4. HP: 32/32 MP: 4/11
  1589 | D:2      | Noticed Terence
  1595 | D:2      | Killed Terence
  1892 | D:2      | Reached skill level 1 in Hexes
  1892 | D:2      | Reached skill level 1 in Summonings
  1892 | D:2      | Reached skill level 1 in Necromancy
  1892 | D:2      | Reached skill level 1 in Translocations
  1892 | D:2      | Reached skill level 1 in Transmutations
  1892 | D:2      | Reached skill level 1 in Ice Magic
  1892 | D:2      | Reached skill level 1 in Air Magic
  1892 | D:2      | Reached skill level 1 in Earth Magic
  1892 | D:2      | Reached skill level 1 in Poison Magic
  2114 | D:2      | Found a faded altar of an unknown god.
  2496 | D:3      | Noticed a black bear
  2504 | D:2      | Reached XP level 5. HP: 34/37 MP: 12/12
  2697 | D:3      | Found Werul's Magic Scroll Boutique.
  2702 | D:3      | Bought a scroll of identify for 22 gold pieces
  2702 | D:3      | Bought a scroll of identify for 22 gold pieces
  2702 | D:3      | Bought a scroll of identify for 22 gold pieces
  2702 | D:3      | Bought a scroll of identify for 22 gold pieces
  2715 | D:3      | Noticed Ijyb
  2723 | D:3      | Killed Ijyb
  3041 | D:3      | Killed a black bear
  3042 | D:3      | Reached XP level 6. HP: 44/44 MP: 5/14
  3462 | D:4      | Noticed Robin
  3471 | D:4      | Mangled by a goblin

Illustrated notes

Levels and vault maps discovered:
D:1:      kb_arrival_jail, layout_basic
D:2:      layout_loops_ring, hellmonk_ecumenical_altar_inner_sanctum,
          uniq_terence
D:3:      layout_loops_ring, serial_shops, nicolae_shop_stone, minmay_ruptured,
          uniq_ijyb
D:4:      layout_gridville, lemuel_tele_altar,
          mainiacjoe_overflow_small_starburst, gammafunk_ghost_grave,
          nicolae_shop_self_help, uniq_robin, uniq_menkaure

Skill      XL: |  1  2  3  4  5 |
---------------+----------------+-----
Conjurations   | 2 |  2.6
Spellcasting   | 5 |  5.3
Invocations    | 1 2 |  2.1
Fighting       | 1 |  1.9
Short Blades   | 1 |  1.9
Long Blades    | 1 |  1.9
Axes           | 1 |  1.9
Maces & Flails | 1 |  1.9
Polearms       | 1 |  1.9
Staves         | 1 |  1.9
Slings         | 1 |  1.9
Bows           | 1 |  1.9
Crossbows      | 1 |  1.9
Throwing       | 1 |  1.9
Armour         | 1 |  1.9
Shields        | 1 |  1.9
Unarmed Combat | 1 |  1.9
Evocations     | 1 |  1.9
Hexes          | 1 |  1.5
Summonings     | 1 |  1.5
Necromancy     | 1 |  1.5
Translocations | 1 |  1.5
Transmutations | 1 |  1.5
Ice Magic      | 1 |  1.5
Air Magic      | 1 |  1.5
Earth Magic    | 1 |  1.5
Poison Magic   | 1 |  1.5
Dodging        | |  4.9
Stealth        | |  4.5
Fire Magic     | |  5.6

Action                   |  1- 3 |  4- 6 || total
-------------------------+-------+-------++-------
Melee: Unarmed           |     2 |       ||     2
       Flail             |     8 |       ||     8
       Bite              |     1 |     8 ||     9
       Trident           |       |    62 ||    62
       Punch             |       |     1 ||     1
 Cast: Foxfire           |    29 |    20 ||    49
       Scorch            |    13 |    12 ||    25
  Use: Potion            |       |     3 ||     3
 Stab: Sleeping          |     1 |       ||     1
Armor: Robe              |     6 |       ||     6
       Scale mail        |       |    35 ||    35
       Skin              |       |    10 ||    10
Dodge: Dodged            |    11 |    42 ||    53
